 Dungeon Crawl Stone Soup version 0.28.0-43-g3370ac3207 (webtiles) character file.

Game seed: 13366697124778748822

8612 pkoi the Zephyrmancer (level 11, -20/47 HPs)
             Began as a Spriggan Air Elementalist on Mar 7, 2022.
             Was a Priest of Sif Muna.
             Killed from afar by Erica (26 damage)
             ... with a bolt of poison
             ... on level 10 of the Dungeon.
             The game lasted 00:23:01 (18149 turns).

pkoi the Zephyrmancer (Spriggan Air Elementalist)  Turns: 18149, Time: 00:23:01

Health: -20/47     AC:  3    Str:  4    XL:     11   Next: 12%
Magic:  2/23       EV: 20    Int: 30    God:    Sif Muna [***...]
Gold:   629        SH:  0    Dex: 15    Spells: 16/25 levels left

rFire   . . .      SeeInvis +   t - +8 lajatang "Faewneir" {pain, Int+8}
rCold   . . .      Faith    .   (shield currently unavailable)
rNeg    . . .      Spirit   .   a - +0 robe
rPois   .          Reflect  .   (helmet restricted)
rElec   .          Harm     .   E - +0 cloak
rCorr   .          Rampage  .   (gloves unavailable)
Will    +....                   (boots unavailable)
Stlth   ++++......              B - amulet of magic regeneration
HPRegen 0.15/turn               l - +4 ring of slaying
MPRegen 0.58/turn               (no ring)

@: lethally poisoned (-20 -> -47), very quick
A: very small, no large weapons, unfitting armour, see invisible, speed 3
a: Renounce Religion, Channel Magic, Forget Spell


You were on level 10 of the Dungeon.
You worshipped Sif Muna.
Sif Muna was most pleased with you.
You visited 2 branches of the dungeon, and saw 11 of its levels.
You also visited: Ossuary.

You collected 689 gold pieces.
You spent 60 gold pieces at shops.

Inventory:

Hand Weapons
 d - a +0 dagger
 h - a +2 dagger of electrocution
 t - the +8 lajatang "Faewneir" (weapon) {pain, Int+8}
   (You acquired it on level 7 of the Dungeon)

   In the hands of one skilled in necromantic magic, it inflicts extra damage on
   living creatures.
   Int:       It affects your intelligence (+8).
 x - the +3 dagger of the Inquisitive Souls {drain, Will+ rCorr Dex+4}
   (You found it on level 7 of the Dungeon)

   A truly terrible weapon, it drains the life of any living foe it strikes.
   Dex:       It affects your dexterity (+4).
   rCorr:     It protects you from acid and corrosion.
   Will:      It increases your willpower.
 y - a +5 dagger of protection
Missiles
 j - 2 throwing nets
Armour
 a - a +0 robe (worn)
 D - an orb of energy
 E - a +0 cloak (worn)
Jewellery
 l - a +4 ring of slaying (left hand)
 B - an amulet of magic regeneration (around neck)
 C - a +4 ring of evasion
Wands
 n - a wand of paralysis (12)
 q - a wand of polymorph (27)
 u - a wand of flame (16)
 z - a wand of acid (11)
 F - a wand of digging (1)
 G - a wand of iceblast (9)
Scrolls
 b - 4 scrolls of fog
 c - a scroll of fear
 f - a scroll of magic mapping
 m - a scroll of silence
 o - 2 scrolls of holy word
 p - 6 scrolls of identify
 r - a scroll of vulnerability
Potions
 e - a potion of cancellation
 g - 6 potions of heal wounds
 i - 2 potions of curing
 k - 3 potions of magic
 s - a potion of resistance
 v - a potion of brilliance
 w - a potion of haste
 A - a potion of berserk rage


   Skills:
 + Level 6.6 Dodging
 - Level 9.0 Stealth
 + Level 7.9 Spellcasting
 - Level 2.0 Conjurations
 - Level 3.0 Necromancy
 * Level 11.1 Air Magic
 - Level 1.0 Poison Magic
 - Level 6.0 Invocations
 - Level 5.0 Evocations


You had 16 spell levels left.
You knew the following spells:

 Your Spells              Type           Power      Damage    Failure   Level
a - Shock                 Conj/Air       100%       1d9       1%          1
b - Corpse Rot            Necr/Air       100%       N/A       1%          2
c - Poisonous Vapours     Pois/Air       96%        N/A       1%          2
d - Airstrike             Air            34%        N/A       1%          4

Your spell library contained the following spells:

 Spells                   Type           Power      Damage    Failure   Level
 Static Discharge         Conj/Air       50%        N/A       1%          2
 Swiftness                Air            68%        N/A       1%          3
 Vampiric Draining        Necr           29%        2d8       3%          3
 Slow                     Hex            44%        N/A       4%          1
 Confusing Touch          Hex            11%        N/A       13%         3
 Iskenderun's Battlesphe  Conj           23%        2d8       47%         5
 Yara's Violent Unravell  Hex/Tmut       5%         3d4       77%         5
 Iron Shot                Conj/Erth      8%         9d3       99%         6
 Enfeeble                 Hex            5%         N/A       100%        7
 Spellforged Servitor     Conj/Summ      8%         N/A       100%        7


Dungeon Overview and Level Annotations

Branches:
Dungeon (10/15)            Temple (1/1) D:6            Lair (0/6) D:10
Ossuary (visited)
    Orc: D:9-12

Altars:
Ashenzari
Cheibriados
Elyvilon
Fedhas
Gozag
Hepliaklqana
Kikubaaqudgha
Makhleb
Nemelex Xobeh
Qazlal
Ru
Sif Muna
Trog
Uskayaw
Vehumet
Wu Jian
Xom
Zin
The Shining One
Beogh
Lugonu

Shops:
D:2 :   D:5 !   D:7 ?

Annotations:
D:5 2 runed translucent doors
D:8 exclusion: ice statue
D:10 Erica, Josephine


Innate Abilities, Weirdness & Mutations

You are very small and have problems with some larger weapons.
You are too small for most types of armour.
You have supernaturally acute eyesight. (SInv)
You cover ground extremely quickly. (Speed+++)


Message History

Aim: Erica, wielding a +2 scimitar of flaming and wearing a +2 robe of positive energy (moderately wounded, empty space bonus: 6/8)
The air twists around and strikes Erica!
Erica is heavily wounded.
Erica points at you and mumbles some strange words.
You resist with almost no effort.
Aiming: Airstrike (safe; 1% risk of failure)
Press: ? - help, Q - select action, (/) - cycle Dir - move target, f/p - Erica
Aim: Erica, wielding a +2 scimitar of flaming and wearing a +2 robe of positive energy (heavily wounded, empty space bonus: 6/8)
The air twists around and strikes Erica!
Erica is severely wounded.
Erica drinks a potion.
Erica is healed!
Aiming: Airstrike (safe; 1% risk of failure)
Press: ? - help, Q - select action, (/) - cycle Dir - move target, f/p - Erica
Aim: Erica, wielding a +2 scimitar of flaming and wearing a +2 robe of positive energy (heavily wounded, empty space bonus: 6/8)
The air twists around and strikes Erica!
Erica is severely wounded.
Erica drinks a potion.
Erica is healed!
Aiming: Airstrike (safe; 1% risk of failure)
Press: ? - help, Q - select action, (/) - cycle Dir - move target, f/p - Erica
Aim: Erica, wielding a +2 scimitar of flaming and wearing a +2 robe of positive energy (severely wounded, empty space bonus: 6/8)
The air twists around and strikes Erica!!
Erica is almost dead.
Erica casts a spell at you. The bolt of poison hits you!!
You are poisoned.
Ouch! That really hurt!
* * * LOW HITPOINT WARNING * * *
Casting: Airstrike (safe; 1% risk of failure)
Confirm with . or Enter, or press ? or * to list all spells.
Aiming: Poisonous Vapours (safe; 1% risk of failure)
Press: ? - help, Dir - move target, f/p - Erica
Aim: Erica, wielding a +2 scimitar of flaming and wearing a +2 robe of positive energy (almost dead) Poisonous vapours surround Erica!
Erica is poisoned.
* * * LOW HITPOINT WARNING * * *
You feel very sick.
Erica points at you and mumbles some strange words.
The bolt of poison hits you!!
You are more poisoned.
Ouch! That really hurt!
You die...

# ##.........## #
#...≈≈......# #
##...≈≈..≈≈..##
#........≈≈...#
#.............###
#..##.._.....)..###### ####
#..##.....##..#......#
..###.........##..#)####.#
##.##.#....♣♣...@.##)#
.#.##.#....♣♣.....##)#### #
.......#................#.#
.#†##.####...@.##.##.##.#.#
...##.# ###.#######......#
#####.....††.# ####.### #
######'### #.# ###### #...
#.# .....# #.... ####.#


You could see Erica (very poisoned).

Vanquished Creatures
  A hydra (D:10)
  2 two-headed ogres
  A centaur zombie (D:8)
  Joseph (D:7)
  A gargoyle (D:9)
  2 trolls
  A hornet (D:10)
  2 wyverns
  4 yaks (D:9)
  A steam dragon (D:10)
  A wraith (D:10)
  2 vampire mosquitoes (D:5)
  An acid dragon (D:8)
  2 water moccasins (D:7)
  3 orc warriors
  A hornet zombie (D:7)
  5 ogres
  A necrophage (D:4)
  2 centaurs
  A kobold brigand (D:6)
  A bullfrog (D:9)
  A scorpion (D:5)
  2 gnoll sergeants
  16 killer bees
  7 wights (D:9)
  2 howler monkeys
  2 jellies
  3 bullfrog skeletons
  A hound (D:7)
  2 orc priests
  Jessica (D:3)
  Ijyb (D:3)
  Natasha (thrice) (D:3)
  11 orc wizards
  A killer bee zombie (D:9)
  8 mummies (Ossuary)
  A howler monkey zombie (D:9)
  20 gnolls
  2 adders
  An ufetubus (D:5)
  4 dart slugs
  52 orcs
  4 endoplasms
  3 giant cockroaches
  2 gnoll zombies (Ossuary)
  13 goblins
  15 hobgoblins
  4 jackals (D:2)
  12 kobolds
  A quokka (D:4)
  5 ball pythons
  3 bats
  3 frilled lizards
  2 hobgoblin zombies (Ossuary)
  A kobold zombie (Ossuary)
  3 orc zombies (Ossuary)
  A rat (D:2)
249 creatures vanquished.

Vanquished Creatures (others)
  8 plants
8 creatures vanquished.

Grand Total: 257 creatures vanquished

Notes
Turn   | Place    | Note
-------+----------+-------------------------------------------
     0 | D:1      | pkoi the Spriggan Air Elementalist began the quest for the
                  | Orb.
     0 | D:1      | Reached XP level 1. HP: 9/9 MP: 5/5
   449 | D:1      | Reached skill level 3 in Air Magic
   449 | D:1      | Reached XP level 2. HP: 13/13 MP: 1/6
  1428 | D:2      | Found Juadef's Book Boutique.
  1702 | D:2      | Reached XP level 3. HP: 16/16 MP: 2/8
  1705 | D:2      | Learned a level 2 spell: Corpse Rot
  1708 | D:2      | Learned a level 2 spell: Poisonous Vapours
  2544 | D:2      | Found a faded altar of an unknown god.
  2844 | D:3      | Found a white marble altar of Elyvilon.
  2944 | D:3      | Found a shimmering altar of Xom.
  2946 | D:3      | Noticed Jessica
  2954 | D:3      | Noticed Natasha
  3206 | D:3      | Killed Jessica
  3207 | D:3      | Reached XP level 4. HP: 20/21 MP: 1/9
  3334 | D:3      | Noticed Ijyb
  3595 | D:4      | Noticed a necrophage
  3610 | D:4      | Killed a necrophage
  3611 | D:4      | Reached skill level 1 in Conjurations
  3611 | D:4      | Reached skill level 4 in Air Magic
  3611 | D:4      | Reached skill level 1 in Poison Magic
  3611 | D:4      | Reached XP level 5. HP: 18/24 MP: 3/10
  3818 | D:4      | Reached skill level 1 in Necromancy
  3859 | D:4      | Noticed an ogre
  3870 | D:4      | Killed an ogre
  3871 | D:4      | Reached skill level 5 in Stealth
  4182 | D:4      | Reached XP level 6. HP: 27/28 MP: 5/12
  4358 | D:4      | Found a stormy altar of Qazlal.
  4542 | D:5      | Entered Level 5 of the Dungeon
  4579 | D:5      | Noticed a vampire mosquito
  4579 | D:5      | Noticed a vampire mosquito
  4579 | D:5      | Found Qerchiri's Distillery.
  4674 | D:5      | Found a sand-covered staircase.
  4679 | Ossuary  | Entered an ossuary
  4689 | Ossuary  | Learned a level 4 spell: Airstrike
  5733 | D:5      | Found a large runed translucent door.
  5734 | D:5      | Found a large runed translucent door.
  5856 | D:5      | Reached skill level 5 in Air Magic
  6089 | D:5      | Killed a vampire mosquito
  6090 | D:5      | Reached XP level 7. HP: 14/32 MP: 7/15
  6118 | D:5      | Killed a vampire mosquito
  6119 | D:5      | Reached skill level 5 in Spellcasting
  6119 | D:5      | Reached skill level 6 in Air Magic
  6381 | D:5      | Bought a potion of heal wounds for 60 gold pieces
  6540 | D:5      | Reached skill level 1 in Evocations
  7447 | D:6      | Reached XP level 8. HP: 22/36 MP: 6/16
  7913 | D:6      | Reached skill level 7 in Air Magic
  8341 | D:6      | Found a staircase to the Ecumenical Temple.
  8356 | Temple   | Entered the Ecumenical Temple
  8465 | Temple   | Became a worshipper of Sif Muna the Loreminder
  8738 | D:7      | Found a snail-covered altar of Cheibriados.
  9053 | D:7      | Identified the +3 dagger of the Inquisitive Souls {drain,
                  | Will+ rCorr Dex+4}
  9091 | D:7      | HP: 1/36 [wyvern (5)]
  9419 | D:7      | Reached skill level 1 in Invocations
  9811 | D:7      | Identified a scroll of acquirement
  9811 | D:7      | Acquired the +8 lajatang "Faewneir" {pain, Int+8}
 10256 | D:7      | Found Nucesm's Magic Scroll Shoppe.
 10394 | D:7      | Noticed Joseph
 11012 | D:7      | Killed Joseph
 11013 | D:7      | Reached skill level 8 in Air Magic
 11013 | D:7      | Reached XP level 9. HP: 39/39 MP: 8/17
 11243 | D:7      | Found a sparkling altar of Nemelex Xobeh.
 11354 | D:7      | Reached skill level 5 in Evocations
 12519 | D:8      | Reached * piety under Sif Muna
 13457 | D:8      | Reached skill level 9 in Air Magic
 13825 | D:8      | Found a radiant altar of Vehumet.
 14015 | D:8      | Found a hide-covered altar of Uskayaw.
 14297 | D:8      | Noticed an ice statue
 14658 | D:9      | Noticed a troll
 14661 | D:9      | Killed a troll
 14798 | D:9      | Reached XP level 10. HP: 44/44 MP: 7/19
 15235 | D:9      | Reached ** piety under Sif Muna
 15504 | D:9      | Noticed a two-headed ogre
 15531 | D:9      | Killed a two-headed ogre
 15532 | D:9      | Reached skill level 10 in Air Magic
 15532 | D:9      | Reached skill level 5 in Invocations
 15960 | D:9      | Noticed a gargoyle
 15964 | D:9      | Killed a gargoyle
 15965 | D:9      | Reached skill level 5 in Dodging
 16600 | D:10     | Entered Level 10 of the Dungeon
 16934 | D:10     | Noticed a two-headed ogre
 16945 | D:10     | Killed a two-headed ogre
 17193 | D:3      | Killed Natasha
 17193 | D:3      | Noticed Natasha
 17195 | D:3      | Killed Natasha
 17281 | D:3      | Found a glowing silver altar of Zin.
 17321 | D:3      | Found an opulent altar of Gozag.
 17400 | D:3      | Killed Ijyb
 17429 | D:3      | Noticed Natasha
 17430 | D:3      | Killed Natasha
 17559 | D:10     | Noticed a five-headed hydra
 17562 | D:10     | Noticed Erica
 17564 | D:10     | Killed a five-headed hydra
 17565 | D:10     | Reached XP level 11. HP: 47/47 MP: 1/23
 17672 | D:10     | Noticed Josephine
 17719 | D:10     | Found a staircase to the Lair.
 17746 | D:10     | Reached skill level 11 in Air Magic
 17776 | D:10     | Found an ornate altar of the Wu Jian Council.
 17801 | D:10     | Reached *** piety under Sif Muna
 18149 | D:10     | Killed from afar by Erica

Illustrated notes

Levels and vault maps discovered:
D:1:      erik_arrival_blinker_ship, layout_loops_corners, serial_aquarium,
          aquarium_bridge_straight [aquarium_subvault_bridge,
          aquarium_subvault_window, aquarium_subvault_bridge,
          aquarium_subvault_balcony], aquarium_bridge_straight
          [aquarium_subvault_bridge, aquarium_subvault_window,
          aquarium_subvault_bridge, aquarium_subvault_window],
          aquarium_window_corner, aquarium_window_2, aquarium_window_corner,
          aquarium_window_fake, aquarium_view_2f, aquarium_pool_2,
          grunt_decor_junction
D:2:      layout_loops_corners, shapermc_ecumenical_altar_hornbeckon,
          serial_shops, shop, serial_bayou_ford_a
D:3:      layout_rooms, pdpol_temple_overflow_zin_treasury_gozag_greed,
          elyvilon_altar_4, xom_butterflies, uniq_jessica, uniq_natasha,
          uniq_ijyb
D:4:      layout_loops_ring, nicolae_qazlal_scattered_showers,
          minmay_misc_feat_tiny, chequers_serial_rivers_micro_b
D:5:      layout_basic, jmf_multi_god_temple2, enter_ossuary_2, serial_shops,
          nicolae_shop_waterfront
D:6:      layout_basic, minmay_temple_entry_glassed_door
D:7:      corexii_shantytown, layout_rooms, cheibriados_altar_1,
          nemelex_altar_shiori, serial_shops, kennysheep_little_box,
          minmay_misc_feat_plants, minivault_11, uniq_joseph
D:8:      lemuel_ice_statue, layout_cave_pools,
          mainiacjoe_overflow_cross_hatched, nicolae_uskayaw_dance_hall
D:9:      layout_roguey, special_room [special_room_orc], minmay_misc_feat_iff,
          roderic_roman_lattice
D:10:     layout_loops_corners, mainiacjoe_overflow_alcove_2,
          nicolae_wu_jian_wuxing_cycle, dpeg_oklobed_lair, nzn_random_ring,
          uniq_erica, uniq_josephine
Temple:   kb_corrupted_temple

Skill      XL: |  1  2  3  4  5  6  7  8  9 10 11 |
---------------+----------------------------------+-----
Dodging        | 3 6 |  6.6
Air Magic      | 3 4 5 6 8 9 10 11 | 11.1
Stealth        | 4 5 6 8 9 |  9.0
Spellcasting   | 3 4 5 7 |  7.9
Conjurations   | 1 2 |  2.0
Poison Magic   | 1 |  1.0
Necromancy     | 1 3 |  3.0
Evocations     | 2 4 5 |  5.0
Invocations    | 2 4 6 |  6.0

Action                   |  1- 3 |  4- 6 |  7- 9 | 10-12 || total
-------------------------+-------+-------+-------+-------++-------
Melee: Dagger            |     4 |    14 |    37 |       ||    55
       Lajatang          |       |       |     2 |     2 ||     4
 Cast: Shock             |    92 |   132 |   177 |       ||   401
       Airstrike         |       |       |    76 |   137 ||   213
       Poisonous Vapours |       |       |       |     3 ||     3
       Corpse Rot        |       |       |       |     1 ||     1
Evoke: Wand              |       |       |     1 |       ||     1
  Use: Potion            |       |    12 |     1 |       ||    13
       Scroll            |       |     8 |     7 |     1 ||    16
 Stab: Sleeping          |     1 |     1 |     1 |       ||     3
       Paralysed         |       |       |     2 |       ||     2
Armor: Robe              |     1 |     3 |     8 |       ||    12
Dodge: Dodged            |     5 |    17 |    74 |    19 ||   115
